 Dungeon Crawl Stone Soup version 0.31.0-11-ge490571c62 (webtiles) character file.

Game seed: 5019418614707527338

975 qw the Skirmisher (level 7, 0/40 HPs)
             Began as a Deep Elf Hunter on Feb 4, 2024.
             Slain by a killer bee (1 damage)
             ... on level 6 of the Dungeon.
             The game lasted 00:00:16 (3295 turns).

qw the Skirmisher (Deep Elf Hunter)                 Turns: 3295, Time: 00:00:16

Health: 0/40       AC:  9    Str: 16    XL:     7   Next: 95%
Magic:  9/9        EV: 13    Int: 17    God:
Gold:   252        SH:  5    Dex: 18    Spells: 6/6 levels left

rFire   + + .        k - +6 sling "Neimnua" {drain, +Blink rF+ Int+3}
rCold   . . .        (no shield)
rNeg    . . .        e - +2 leather armour {rF+}
rPois   .            n - +0 helmet
rElec   .            (no cloak)
rCorr   .            d - +2 pair of gloves
SInv    .            (no boots)
Will    .....        i - amulet of reflection
Stlth   ++           c - +6 ring of strength
HPRegen 0.26/turn    (no ring)
MPRegen 0.11/turn

%: reflection
@: lethally poisoned (0 -> -7)
A: no striking features
a: Evoke Blink


You were on level 6 of the Dungeon.
You visited 1 branch of the dungeon, and saw 6 of its levels.

You collected 252 gold pieces.


   Skills:
 + Level 2.5 Fighting
 - Level 12.0 Ranged Weapons
 - Level 4.2 Dodging
 - Level 1.2 Stealth


You had 6 spell levels left.
You didn't know any spells.
Your spell library was empty.

Inventory:

Hand Weapons
 k - the +6 sling "Neimnua" (weapon) {drain, +Blink rF+ Int+3}
   (You found it on level 2 of the Dungeon)

   Int+3:     It affects your intelligence (+3).
   rF+:       It protects you from fire.
   +Blink:    It lets you blink.
Armour
 d - a +2 pair of gloves (worn)
 e - a +2 leather armour of fire resistance (worn)
 g - a +0 ring mail
 n - a +0 helmet (worn)
Jewellery
 c - a +6 ring of strength (left hand)
 i - an amulet of reflection (around neck)
Wands
 j - a wand of flame (22)
 p - a wand of iceblast (9)
Scrolls
 a - a scroll of enchant weapon
 l - a scroll of identify
 q - a scroll of immolation {unknown}
Potions
 b - 2 potions of curing
 f - 2 potions of mutation
 h - a potion of might
 m - a potion of ambrosia {unknown}
 o - a potion of cancellation {unknown}

Dungeon Overview and Level Annotations

Branches:
Dungeon (6/15)
 Temple: D:4-7

Altars:
Ashenzari
The Shining One


Message History

You block the killer bee's attack.
The water moccasin attacks as it pursues you!
The water moccasin completely misses you.
The killer bee stings you but does no damage. x2
Enter note:
Enter note:
Enter note:
3289 ||| RETREEEEATING.
You feel sick.
Enter note:
Enter note:
Enter note:
3290 ||| RETREEEEATING.
You feel sick.
The killer bee attacks as it pursues you!
The killer bee misses you.
Enter note:
Enter note:
Enter note:
3291 ||| RETREEEEATING.
You feel sick. The killer bee barely misses you.
You shoot a sling bullet. The sling bullet hits the killer bee.
The killer bee is lightly wounded.
You feel sick. The killer bee barely misses you. The killer bee misses you.
You shoot a sling bullet. The sling bullet hits the killer bee!
You kill the killer bee!
You feel sick.
You are no longer poisoned.
You shoot a sling bullet.
The sling bullet closely misses the killer bee.
The sling bullet hits the killer bee!
You drain the killer bee.
The killer bee is almost dead.
The killer bee stings you.
You are lethally poisoned!
The killer bee poisons you! The killer bee stings you.
You shoot a sling bullet.
The sling bullet barely misses the killer bee.
The sling bullet closely misses the killer bee.
You feel sick. The killer bee barely misses you. The killer bee stings you.
You die...

#........##.#########
#........##%............}.
#........................
#..........##'#.#### .}.
#..................##..
#...............y.S#..
####...........yy..#.#
...#.......##+####y#.########
...#.......# #.@yy.........#
...#.......##.#.###....####
...#.......##>#.# ####.#
...........##.#.#
#.####+#####
###...........#.#
#...........
##.####......#.####
##.......)..
#............#....#
#....>.....
#............#.##.#
#?.........
#...#....<......#.#
#..#.......


You could see 3 killer bees.

Vanquished Creatures
  A steam dragon (D:6)
  2 black bears (D:5)
  A sky beast (D:6)
  A centaur (D:5)
  A killer bee (D:6)
  2 jellies
  An orc priest (D:3)
  A bombardier beetle (D:6)
  2 hounds
  2 sleepcaps (D:5)
  4 gnolls (D:3)
  8 adders
  2 ufetubi (D:5)
  2 dart slugs
  A ribbon worm (D:2)
  6 orcs
  7 ball pythons
  5 bats
  6 endoplasms
  5 giant cockroaches
  11 goblins
  7 hobgoblins
  3 jackals (D:5)
  3 quokkas
  3 frilled lizards
  11 kobolds
  5 rats
103 creatures vanquished.

Notes
Turn   | Place    | Note
-------+----------+-------------------------------------------
     0 | D:1      | qw the Deep Elf Hunter began the quest for the Orb.
     0 | D:1      | Reached XP level 1. HP: 12/12 MP: 3/3
     0 | D:1      | 0 ||| qw: Version: 0.3-a-160-g6735b56
     0 | D:1      | 0 ||| qw: Game counter: 4485
     0 | D:1      | 0 ||| qw: Melee chars always use a shield: true
     0 | D:1      | 0 ||| qw: God list: Okawaru
     0 | D:1      | 0 ||| qw: Allow faded altars: false
     0 | D:1      | 0 ||| qw: Do Orc after clearing Dungeon:15 true
     0 | D:1      | 0 ||| qw: Do second Lair branch before Depths: true
     0 | D:1      | 0 ||| qw: Lair rune preference: random
     0 | D:1      | 0 ||| qw: Goals: Normal
     0 | D:1      | 0 ||| PLANNING D:1-11
   121 | D:1      | Reached XP level 2. HP: 16/16 MP: 4/4
   125 | D:1      | Reached skill level 6 in Ranged Weapons
   662 | D:1      | 662 ||| UPGRADING to +0 ring mail.
   672 | D:1      | 672 ||| DROPPING +0 leather armour.
   673 | D:1      | 673 ||| READING scroll labelled XAQICZ XEPI.
   673 | D:1      | 673 ||| IDENTIFYING viscous cyan potion
   674 | D:1      | 674 ||| DROPPING scroll of butterflies.
   675 | D:1      | 675 ||| DROPPING potion of lignification.
   715 | D:2      | Reached XP level 3. HP: 20/20 MP: 5/5
   905 | D:2      | Reached skill level 7 in Ranged Weapons
  1122 | D:2      | Reached XP level 4. HP: 25/25 MP: 6/6
  1345 | D:2      | Identified the +6 sling "Neimnua" {drain, +Blink rF+ Int+3}
  1347 | D:2      | 1347 ||| SWAPPING to +6 sling "Neimnua" {drain, +Blink rF+
                  | Int+3}.
  1348 | D:2      | 1348 ||| DROPPING +0 shortbow.
  1349 | D:2      | 1349 ||| UPGRADING to +1 pair of gloves.
  1354 | D:2      | 1354 ||| UPGRADING to amulet of reflection.
  1359 | D:2      | 1359 ||| DROPPING ring of flight.
  1360 | D:2      | 1360 ||| READING 6 scrolls of identify.
  1360 | D:2      | 1360 ||| IDENTIFYING ruby potion
  1361 | D:2      | 1361 ||| READING 5 scrolls of identify.
  1361 | D:2      | 1361 ||| IDENTIFYING 2 brown potions
  1362 | D:2      | 1362 ||| READING 4 scrolls of identify.
  1362 | D:2      | 1362 ||| IDENTIFYING scroll labelled MONETITRIO
  1363 | D:2      | 1363 ||| READING 3 scrolls of identify.
  1363 | D:2      | 1363 ||| IDENTIFYING scroll labelled JITOINGURIT
  1364 | D:2      | 1364 ||| READING scroll of enchant armour.
  1364 | D:2      | 1364 ||| ENCHANTING +1 pair of gloves.
  1365 | D:2      | 1365 ||| DROPPING scroll of fear.
  1534 | D:3      | Reached skill level 8 in Ranged Weapons
  1581 | D:3      | Reached XP level 5. HP: 29/29 MP: 7/7
  2006 | D:3      | 2006 ||| READING 2 scrolls of identify.
  2006 | D:3      | 2006 ||| IDENTIFYING white potion
  2007 | D:3      | 2007 ||| READING scroll of identify.
  2007 | D:3      | 2007 ||| IDENTIFYING murky amethyst potion
  2008 | D:3      | 2008 ||| READING scroll labelled HEULOHIGURCH.
  2009 | D:3      | 2009 ||| DROPPING potion of degeneration.
  2029 | D:4      | Reached skill level 9 in Ranged Weapons
  2031 | D:4      | Found a broken altar of Ashenzari.
  2377 | D:4      | 2377 ||| UPGRADING to +2 leather armour of fire resistance.
  2387 | D:4      | 2387 ||| UPGRADING to +6 ring of strength.
  2388 | D:4      | 2388 ||| READING scroll of identify.
  2388 | D:4      | 2388 ||| IDENTIFYING metallic orange potion
  2389 | D:4      | 2389 ||| READING 2 scrolls labelled UNYFOR XOSM.
  2390 | D:4      | 2390 ||| READING scroll labelled MIAFED BUXT.
  2394 | D:4      | 2394 ||| READING scroll labelled NAUHYFUPHONA.
  2395 | D:4      | 2395 ||| DROPPING potion of berserk rage.
  2397 | D:4      | 2397 ||| Stepping ~*~*~tactically~*~*~ (cloud).
  2404 | D:4      | HP: 7/30 [poisoned by you (poison gas)]
  2519 | D:5      | Entered Level 5 of the Dungeon
  2569 | D:5      | 2569 ||| RETREEEEATING.
  2576 | D:5      | Reached skill level 3 in Dodging
  2576 | D:5      | Reached XP level 6. HP: 35/35 MP: 8/8
  2617 | D:5      | Reached skill level 10 in Ranged Weapons
  2800 | D:5      | Reached XP level 7. HP: 18/40 MP: 9/9
  2959 | D:5      | 2959 ||| UPGRADING to +0 helmet.
  2964 | D:5      | 2964 ||| READING scroll of identify.
  2964 | D:5      | 2964 ||| IDENTIFYING bubbling golden potion
  2965 | D:5      | 2965 ||| READING 2 scrolls labelled ZETAGH BETWAOSUKK.
  2966 | D:5      | 2966 ||| DROPPING scroll of noise.
  2967 | D:5      | 2967 ||| DROPPING potion of invisibility.
  2988 | D:6      | Noticed a steam dragon
  2998 | D:6      | Killed a steam dragon
  2999 | D:6      | Reached skill level 11 in Ranged Weapons
  3038 | D:6      | Found a glowing golden altar of the Shining One.
  3262 | D:6      | Reached skill level 12 in Ranged Weapons
  3275 | D:6      | 3275 ||| RETREEEEATING.
  3278 | D:6      | 3278 ||| RETREEEEATING.
  3280 | D:6      | 3280 ||| RETREEEEATING.
  3281 | D:6      | 3281 ||| RETREEEEATING.
  3282 | D:6      | 3282 ||| RETREEEEATING.
  3283 | D:6      | 3283 ||| RETREEEEATING.
  3284 | D:6      | 3284 ||| RETREEEEATING.
  3285 | D:6      | 3285 ||| RETREEEEATING.
  3286 | D:6      | 3286 ||| RETREEEEATING.
  3287 | D:6      | 3287 ||| RETREEEEATING.
  3288 | D:6      | 3288 ||| RETREEEEATING.
  3289 | D:6      | 3289 ||| RETREEEEATING.
  3290 | D:6      | 3290 ||| RETREEEEATING.
  3290 | D:6      | HP: 10/40 [poisoned by a killer bee]
  3291 | D:6      | 3291 ||| RETREEEEATING.
  3294 | D:6      | HP: 4/40 [killer bee (4)]
  3295 | D:6      | HP: 1/40 [poisoned by a killer bee]
  3295 | D:6      | Slain by a killer bee

Levels and vault maps discovered:
D:1:      minmay_arrival_four_circles, layout_loops_ring
D:2:      layout_loops_ring
D:3:      layout_loops_ring
D:4:      layout_cave_pools, nicolae_ashenzari_skybound
D:5:      layout_basic
D:6:      layout_basic, tso_metal_star, temple_fountains

Skill      XL: |  1  2  3  4  5  6  7 |
---------------+----------------------+-----
Ranged Weapons | 6 7 8 9 10 12 | 12.0
Fighting       | 2 |  2.5
Dodging        | 3 4 |  4.2
Stealth        | |  1.2

Action                     |  1- 3 |  4- 6 |  7- 9 || total
---------------------------+-------+-------+-------++-------
   Fire: Shortbow          |   101 |     8 |       ||   109
         Sling             |       |    89 |    42 ||   131
    Use: Scroll            |     1 |    12 |     2 ||    15
 Armour: Leather armour    |     6 |     5 |    22 ||    33
         Ring mail         |    10 |     7 |       ||    17
  Dodge: Dodged            |    19 |    11 |    19 ||    49
  Block: Other             |       |     2 |     6 ||     8
         Reflection        |       |     1 |       ||     1

Table legend:
 A = Non-vault XP
 B = Vault XP
 C = Vault XP percentage of total XP
 D = Non-vault monster count
 E = Vault monster count
 F = Vault count percentage of total count
                 A         B        C        D         E       F
            +---------+---------+-------+---------+---------+-------
      Total |    1393 |       0 |   0.0 |     103 |       0 |   0.0
            +---------+---------+-------+---------+---------+-------
        D:1 |      39 |       0 |   0.0 |      25 |       0 |   0.0
        D:2 |      70 |       0 |   0.0 |      25 |       0 |   0.0
        D:3 |     154 |       0 |   0.0 |      20 |       0 |   0.0
        D:4 |      85 |       0 |   0.0 |      12 |       0 |   0.0
        D:5 |     531 |       0 |   0.0 |      13 |       0 |   0.0
        D:6 |     514 |       0 |   0.0 |       8 |       0 |   0.0
            +---------+---------+-------+---------+---------+-------
